AoeStats
← Fenix

Baltic

510433530Analyzed
4v4 RM · 3d ago on Oct 1, 2026· 27m 45s· 8 players
Game mode
Random Map
Map size
Large (8 player)
Population
200
Speed
Normal
Resources
Standard
Victory
Conquest
Starting age
Dark Age
Ending age
Imperial Age
RankedLock teamsTeams togetherTeam positionsShared explorationLock speedFull tech treeHidden civsTurbo modeCheats
Victory
Defeat
🇭🇺 Danes · Hungary
1340
+15
🇺🇸 Koreans · United States
1226
+20
🇨🇱 Vietnamese · Chile
1196
+21
🇧🇷 Burgundians · Brazil
1190
+22
🇵🇪 Italians · Peru
1344
-21
🇵🇪 Bengalis · Peru
1330
-20
🇵🇪 Bulgarians · Peru
1304
-19
🇵🇪 Magyars · Peru
1272
-18
SS4M00
8:46 Loom
10:42 Feudal Age
11:32 Double-Bit Axe
13:31 Arson
15:15 Forging
15:08 Fishing Lines
22:31 Castle Age
20:33 Fletching
23:08 Wheelbarrow
22:27 Horse Collar
22:59 Scale Mail Armor
25:36 Gold Mining
26:00 Bow Saw
27:11 Chain Mail Armor
27:32 Iron Casting
27:56 Squires
27:41 Gambesons
M@nquito 2.0
9:53 Feudal Age
12:49 Double-Bit Axe
20:58 Castle Age
19:41 Fletching
19:51 Gold Mining
22:15 Scale Barding Armor
23:10 Loom
25:53 Chain Barding Armor
27:07 Bloodlines
Fenix
9:40 Feudal Age
10:22 Double-Bit Axe
11:31 Horse Collar
19:29 Castle Age
17:16 Loom
20:30 Medium Warships
27:32 Imperial Age
Anakin
6:18 Loom
9:17 Feudal Age
19:09 Fletching
20:20 Padded Archer Armor
24:49 Double-Bit Axe
28:08 Castle Age
26:52 Scale Mail Armor
Heldblaser
5:34 Double-Bit Axe
6:44 Loom
9:32 Feudal Age
11:18 Bow Saw
12:45 Horse Collar
16:26 Heavy Plow
18:01 Wheelbarrow
21:36 Castle Age
23:27 Scale Barding Armor
24:32 Chain Barding Armor
25:48 Fletching
Capitan.Salinas
3:55 Loom
11:14 Feudal Age
15:50 Castle Age
14:15 Double-Bit Axe
17:46 Fletching
28:28 Bloodlines
C.A | Sagittis Hungarorum
10:50 Feudal Age
11:26 Double-Bit Axe
11:42 Loom
17:50 Castle Age
18:57 Bow Saw
19:30 Medium Warships
19:54 Fletching
20:29 Horse Collar
21:03 Bodkin Arrow
26:24 Forging
26:14 Scale Mail Armor
26:51 Wheelbarrow
26:28 Gold Mining
27:20 Squires
sj
10:18 Feudal Age
11:24 Double-Bit Axe
17:42 Castle Age
18:46 Medium Warships
19:20 Bow Saw
19:45 Forging
22:50 Gold Mining
29:26 Imperial Age
Connection lost

Rejoining the realm…

Still unreachable

The connection could not be restored.

Session expired

The server has moved on; the page needs a fresh start.